 Dungeon Crawl Stone Soup version 0.18.1-48-g4cf74bf (webtiles) character file.

51 tagomago the Gusty (level 3, 0/19 HPs)
             Began as a Tengu Air Elementalist on July 15, 2016.
             Slain by an adder (2 damage)
             ... on level 2 of the Dungeon.
             The game lasted 00:04:29 (2243 turns).

tagomago the Gusty (Tengu Air Elementalist)         Turns: 2243, Time: 00:04:30

Health: 0/19       AC:  2    Str:  8    XL:     3   Next: 83%
Magic:  5/7        EV: 12    Int: 16    God:
Gold:   74         SH:  0    Dex: 14    Spells: 3 memorised, 1 level left

rFire  . . .     SeeInvis .     d - +0 whip
rCold  . . .     Gourm    .     a - +0 robe
rNeg   . . .     Faith    .     (no shield)
rPois  .         Spirit   .     (helmet restricted)
rElec  .         Dismiss  .     (no cloak)
rCorr  .         Reflect  .     (no gloves)
SustAt .         Harm     .     (boots unavailable)
MR     .....                    (no amulet)
Stlth  ++........               (no ring)
                                (no ring)

@: swift, quick, not resistant to hostile enchantments, unstealthy
A: beak, talons 3
a: no special abilities


You were on level 2 of the Dungeon.
You were not hungry.

You visited 1 branch of the dungeon, and saw 2 of its levels.

You collected 74 gold pieces.

Inventory:

Hand Weapons
 d - a +0 whip (weapon)
Armour
 a - a +0 robe (worn)
 n - a +0 buckler
 p - a +0 leather armour
Jewellery
 i - a cursed ring of teleportation {unknown}
Scrolls
 f - 2 scrolls of magic mapping {unknown}
 j - 2 scrolls of immolation {unknown}
 k - 2 scrolls of noise {unknown}
 l - 2 scrolls of remove curse {unknown}
 m - 2 scrolls of identify {unknown}
 q - a scroll of enchant armour {unknown}
Potions
 e - 2 potions of might {unknown}
 g - 2 potions of curing {unknown}
 h - a potion of cancellation {unknown}
 o - 2 potions of brilliance {unknown}
Books
 b - a book of Air

   Spells                             Type                      Level
   a - Shock                          Conjuration/Air              1
   b - Swiftness                      Charms/Air                   2
   c - Repel Missiles                 Charms/Air                   2
   d - Static Discharge               Conjuration/Air              3
   e - Lightning Bolt                 Conjuration/Air              5
Comestibles
 c - a bread ration


   Skills:
 - Level 2.1 Dodging
 - Level 2.0 Stealth
 - Level 2.0 Spellcasting
 - Level 1.3 Conjurations
 + Level 6.1 Air Magic


You had one spell level left.
You knew the following spells:

 Your Spells              Type           Power        Failure   Level  Hunger
a - Shock                 Conj/Air       ##..         6%          1    #......
b - Repel Missiles        Chrm/Air       ##....       10%         2    ###....
c - Swiftness             Chrm/Air       ##......     10%         2    ###....


Dungeon Overview and Level Annotations

Branches:
Dungeon (2/15)

Altars:


Innate Abilities, Weirdness & Mutations

You have a beak for a mouth.
You have claws for feet.


Message History

The adder closely misses you. The adder barely misses you.
You miss the adder. Your kick misses the adder.
The adder is moderately wounded.
The adder bites you but does no damage.
You closely miss the adder. Your kick misses the adder.
Your peck misses the adder.
The adder is moderately wounded.
The adder bites you.
* * * LOW HITPOINT WARNING * * *
You barely miss the adder.
The adder is moderately wounded.
The adder bites you.
* * * LOW HITPOINT WARNING * * *
The adder closely misses you. The adder closely misses you.
The adder closely misses you.
Casting: Shock
Confirm with . or Enter, or press ? or * to list all spells.
You feel quick. The adder bites you.
You die...

.#........###### #######...##...#
..........##...# .
########.(##...############# #.
..........##...............# ...
..######.###.........#.#.#.##..#.
..........##....................
########..####.......#.#.#..####.
.....>..........@S......%........
..........#.##.......#.#.#.######
.########.#.#..............#
........#.#.#.##...#.###.###
..#####.#.#.#.#....#.# #.#
#.#####.#.#.#....(.#.# #.# #
..##..#.#.#.#<.....#.###.########
..##..#.#.#.####(..#.............
..##..#.#.#.#......#####.########


You could see an adder.

Vanquished Creatures
  An adder (D:2)
  2 oozes (D:1)
  A dart slug (D:1)
  2 ball pythons
  A giant cockroach (D:1)
  5 goblins
  A hobgoblin (D:2)
  5 bats
  8 giant newts
  7 kobolds
  A rat (D:2)
34 creatures vanquished.

Notes
Turn   | Place    | Note
--------------------------------------------------------------
     0 | D:1      | tagomago the Tengu Air Elementalist began the quest for the Orb.
     0 | D:1      | Reached XP level 1. HP: 10/10 MP: 4/4
   481 | D:1      | Reached XP level 2. HP: 12/15 MP: 1/6
   485 | D:1      | Learned a level 2 spell: Repel Missiles
   488 | D:1      | Learned a level 2 spell: Swiftness
   608 | D:1      | Reached skill level 5 in Air Magic
   855 | D:1      | Reached XP level 3. HP: 6/19 MP: 3/7
  1758 | D:2      | Reached skill level 6 in Air Magic
  2243 | D:2      | Slain by an adder

Skill      XL: |  1  2  3 |
---------------+----------+-----
Air Magic      | 5 6 |  6.1
Dodging        | |  2.1
Stealth        | |  2.0
Spellcasting   | |  2.0
Conjurations   | |  1.3

Action                   || total
-------------------------++-------
Melee: Whip              ||    59
       Kick              ||     9
       Peck              ||     3
 Cast: Shock             ||    42
       Swiftness         ||     1
 Stab: Sleeping          ||     3
  Eat: Chunk             ||     3
       Pizza             ||     1
Armor: Robe              ||    15
Dodge: Dodged            ||    48
